[ AOE2 MATCH · #505862414 ]
UnrankedJurchens vs Bohemians
Player's team · WIN
[ REPLAY ANALYSIS · EXTRACTED FROM THE RECORDED GAME ]
Feudal
10:05
Castle
14:16
Imperial
—
| APM avg | 106.2 |
| APM peak | 157 |
| eAPM avg | 36.7 |
| Villagers / military | 45 / 10 |
Focus
⚔️ 53.9% · 🌾 46.1%
Unknown (1911) ×45 · Battering Ram ×6 · Archer ×2 · Iron Pagoda ×2
Feudal
9:15
Castle
19:08
Imperial
—
| APM avg | 47.2 |
| APM peak | 72 |
| eAPM avg | 26.9 |
| Villagers / military | 34 / 20 |
Focus
⚔️ 44.8% · 🌾 55.2%
Skirmisher ×13 · Militia ×4 · Mangonel ×2 · Monk ×1
Match map
Initial resources + every placement click. Lines = walls · curves = elevation contours. ◆ gold · ⬟ stone · ● berries · ✦ relic · ◌ wall gap
Your base· Open — 3t gap
TAG_Sora Kuma's base· ✓ Closed at 19:08 · 61t walls · no gate
Smoothed initial terrain · ◌ = detected wall gap · hover for details
Inputs per minute
— VIT Liereyy - - TAG_Sora Kuma
Build order — VIT Liereyy
First 150 of 157 actions detected
| 0:00 | Create | Villager (Male) |
| 0:00 | Create | Villager (Male) |
| 0:01 | Build | House |
| 0:02 | Build | House |
| 0:03 | Build | House |
| 0:10 | Create | Villager (Male) |
| 0:13 | Create | Villager (Male) |
| 0:14 | Create | Villager (Male) |
| 1:24 | Create | Villager (Male) |
| 1:24 | Create | Villager (Male) |
| 1:25 | Create | Villager (Male) |
| 1:42 | Create | Villager (Male) |
| 1:43 | Create | Villager (Male) |
| 1:44 | Build | Lumber Camp |
| 2:10 | Create | Villager (Male) |
| 2:44 | Create | Villager (Male) |
| 2:44 | Create | Villager (Male) |
| 3:03 | Create | Villager (Male) |
| 3:04 | Create | Villager (Male) |
| 3:04 | Create | Villager (Male) |
| 3:22 | Create | Villager (Male) |
| 3:49 | Build | House |
| 3:52 | Create | Villager (Male) |
| 4:12 | Build | Mill |
| 4:15 | Create | Villager (Male) |
| 4:16 | Create | Villager (Male) |
| 4:16 | Create | Villager (Male) |
| 4:29 | Build | House |
| 4:49 | Create | Villager (Male) |
| 4:53 | Create | Villager (Male) |
| 5:24 | Create | Villager (Male) |
| 5:57 | Create | Villager (Male) |
| 6:13 | Create | Villager (Male) |
| 6:55 | Research | Loom |
| 6:56 | Research | Loom |
| 7:01 | Create | Villager (Male) |
| 7:08 | Build | Mining Camp |
| 7:44 | Build | Palisade Gate |
| 7:55 | Research | Feudal Age |
| 7:55 | Create | Villager (Male) |
| 7:55 | Create | Villager (Male) |
| 8:00 | Build | Barracks |
| 9:25 | Build | Palisade Wall |
| 9:35 | Build | Palisade Wall |
| 9:37 | Build | Palisade Wall |
| 10:05 | Age | Feudal Age |
| 10:25 | Build | Palisade Wall |
| 10:25 | Build | Palisade Wall |
| 10:27 | Build | Archery Range |
| 10:52 | Create | Villager (Male) |
| 10:55 | Build | Blacksmith |
| 11:12 | Build | Palisade Wall |
| 11:23 | Build | Palisade Wall |
| 11:36 | Research | Castle Age |
| 11:37 | Research | Castle Age |
| 11:37 | Research | Castle Age |
| 11:40 | Create | Archer |
| 11:40 | Create | Archer |
| 12:25 | Research | Double-Bit Axe |
| 12:25 | Research | Double-Bit Axe |
| 12:34 | Build | Palisade Wall |
| 13:55 | Create | Villager (Male) |
| 14:05 | Build | House |
| 14:05 | Build | Palisade Wall |
| 14:16 | Age | Castle Age |
| 14:19 | Create | Unit 1911 |
| 14:31 | Build | Siege Workshop |
| 14:33 | Create | Villager (Male) |
| 14:37 | Create | Unit 1911 |
| 14:53 | Create | Villager (Male) |
| 14:57 | Create | Unit 1911 |
| 15:19 | Create | Unit 1911 |
| 15:22 | Create | Villager (Male) |
| 15:34 | Build | House |
| 15:38 | Create | Battering Ram |
| 15:56 | Create | Unit 1911 |
| 16:03 | Create | Villager (Male) |
| 16:17 | Create | Unit 1911 |
| 16:30 | Create | Villager (Male) |
| 16:31 | Build | Farm |
| 16:33 | Build | Farm |
| 16:48 | Create | Unit 1911 |
| 16:48 | Create | Unit 1911 |
| 16:51 | Build | Farm |
| 17:08 | Build | House |
| 17:13 | Create | Unit 1911 |
| 17:23 | Build | House |
| 17:25 | Create | Unit 1911 |
| 17:51 | Create | Unit 1911 |
| 17:52 | Create | Iron Pagoda |
| 17:52 | Create | Iron Pagoda |
| 17:58 | Build | House |
| 18:16 | Create | Villager (Male) |
| 18:17 | Build | Farm |
| 18:49 | Create | Unit 1911 |
| 18:49 | Create | Unit 1911 |
| 18:53 | Create | Battering Ram |
| 18:53 | Create | Battering Ram |
| 19:36 | Create | Battering Ram |
| 19:36 | Create | Battering Ram |
| 19:37 | Create | Villager (Male) |
| 19:38 | Create | Villager (Male) |
| 19:43 | Build | Farm |
| 19:49 | Create | Unit 1911 |
| 19:49 | Create | Unit 1911 |
| 20:31 | Create | Unit 1911 |
| 20:31 | Create | Unit 1911 |
| 20:51 | Create | Unit 1911 |
| 21:06 | Create | Unit 1911 |
| 21:06 | Create | Unit 1911 |
| 21:26 | Create | Unit 1911 |
| 21:28 | Create | Battering Ram |
| 21:39 | Build | House |
| 21:58 | Create | Unit 1911 |
| 21:59 | Create | Unit 1911 |
| 22:17 | Create | Unit 1911 |
| 22:21 | Build | Market |
| 22:50 | Create | Unit 1911 |
| 22:50 | Create | Unit 1911 |
| 23:16 | Create | Unit 1911 |
| 23:17 | Create | Unit 1911 |
| 23:17 | Create | Unit 1911 |
| 23:32 | Create | Unit 1911 |
| 23:36 | Create | Villager (Male) |
| 23:38 | Build | Farm |
| 23:39 | Build | Farm |
| 23:40 | Build | Farm |
| 23:56 | Build | Archery Range |
| 24:13 | Create | Unit 1911 |
| 24:26 | Create | Unit 1911 |
| 24:27 | Create | Unit 1911 |
| 24:50 | Build | House |
| 24:50 | Create | Unit 1911 |
| 24:51 | Create | Unit 1911 |
| 24:52 | Build | Farm |
| 25:10 | Create | Unit 1911 |
| 25:10 | Create | Unit 1911 |
| 25:26 | Create | Unit 1911 |
| 25:26 | Create | Unit 1911 |
| 25:30 | Build | House |
| 25:32 | Create | Villager (Male) |
| 25:32 | Create | Villager (Male) |
| 25:33 | Build | Farm |
| 25:45 | Build | Farm |
| 25:46 | Build | Farm |
| 25:47 | Create | Villager (Male) |
| 26:03 | Create | Unit 1911 |
| 26:03 | Create | Unit 1911 |
| 26:16 | Create | Unit 1911 |
| 26:16 | Create | Unit 1911 |
Build order — TAG_Sora Kuma
122 actions detected in the replay
| 0:00 | Create | Villager (Male) |
| 0:02 | Build | House |
| 0:02 | Build | House |
| 0:09 | Create | Villager (Male) |
| 0:17 | Create | Villager (Male) |
| 0:18 | Create | Villager (Male) |
| 1:26 | Create | Villager (Male) |
| 1:57 | Create | Villager (Male) |
| 2:09 | Build | Lumber Camp |
| 2:17 | Create | Villager (Male) |
| 2:46 | Create | Villager (Male) |
| 3:13 | Create | Villager (Male) |
| 3:18 | Create | Villager (Male) |
| 3:47 | Create | Villager (Male) |
| 3:52 | Build | House |
| 4:15 | Create | Villager (Male) |
| 4:49 | Create | Villager (Male) |
| 5:10 | Build | Barracks |
| 5:14 | Create | Villager (Male) |
| 5:22 | Create | Villager (Male) |
| 5:35 | Create | Villager (Male) |
| 5:37 | Build | House |
| 6:19 | Research | Loom |
| 6:54 | Research | Feudal Age |
| 7:04 | Create | Militia |
| 7:20 | Build | Mining Camp |
| 7:22 | Create | Militia |
| 7:32 | Create | Militia |
| 7:45 | Create | Villager (Male) |
| 7:53 | Build | House |
| 8:18 | Create | Villager (Male) |
| 8:32 | Build | Mill |
| 8:48 | Build | Palisade Wall |
| 8:50 | Build | Palisade Wall |
| 8:51 | Build | Palisade Wall |
| 8:52 | Build | Palisade Wall |
| 9:15 | Age | Feudal Age |
| 9:17 | Research | Man-at-Arms (upgrade) |
| 9:17 | Research | Man-at-Arms (upgrade) |
| 9:48 | Create | Villager (Male) |
| 10:02 | Create | Villager (Male) |
| 10:16 | Build | Farm |
| 10:17 | Build | Farm |
| 10:24 | Build | House |
| 10:28 | Create | Villager (Male) |
| 10:30 | Build | Farm |
| 10:31 | Build | Farm |
| 10:31 | Research | Double-Bit Axe |
| 10:46 | Build | House |
| 10:54 | Build | Palisade Wall |
| 11:02 | Create | Villager (Male) |
| 11:06 | Create | Militia |
| 11:16 | Build | Farm |
| 11:21 | Build | House |
| 11:35 | Build | Farm |
| 11:44 | Build | Blacksmith |
| 11:45 | Create | Villager (Male) |
| 11:54 | Build | Farm |
| 12:08 | Create | Villager (Male) |
| 12:11 | Build | Farm |
| 12:35 | Create | Villager (Male) |
| 12:46 | Build | House |
| 12:56 | Build | Archery Range |
| 12:59 | Build | Archery Range |
| 13:02 | Create | Villager (Male) |
| 13:09 | Build | House |
| 13:15 | Build | House |
| 13:25 | Create | Villager (Male) |
| 13:49 | Create | Villager (Male) |
| 13:52 | Build | Market |
| 14:04 | Build | Stone Wall |
| 14:09 | Build | Stone Wall |
| 14:10 | Build | Stone Wall |
| 14:16 | Create | Villager (Male) |
| 14:18 | Build | Farm |
| 14:23 | Build | Stone Wall |
| 14:35 | Create | Villager (Male) |
| 14:38 | Build | Stone Wall |
| 14:47 | Build | Stone Wall |
| 15:00 | Build | House |
| 15:01 | Build | House |
| 15:02 | Create | Villager (Male) |
| 15:34 | Create | Villager (Male) |
| 15:36 | Build | Farm |
| 16:28 | Research | Castle Age |
| 16:31 | Build | Lumber Camp |
| 16:54 | Create | Skirmisher |
| 17:04 | Build | Stone Wall |
| 17:06 | Create | Skirmisher |
| 17:23 | Build | Stone Wall |
| 17:27 | Create | Skirmisher |
| 17:29 | Build | Stone Wall |
| 17:39 | Build | House |
| 17:41 | Build | House |
| 17:42 | Create | Skirmisher |
| 17:44 | Build | House |
| 17:46 | Build | Stone Wall |
| 17:58 | Research | Fletching |
| 18:00 | Create | Skirmisher |
| 18:16 | Create | Skirmisher |
| 18:18 | Build | Watch Tower |
| 18:29 | Create | Skirmisher |
| 18:48 | Create | Skirmisher |
| 18:56 | Create | Skirmisher |
| 18:59 | Create | Villager (Male) |
| 19:05 | Create | Skirmisher |
| 19:08 | Age | Castle Age |
| 19:15 | Research | Elite Skirmisher (upgrade) |
| 19:24 | Build | Siege Workshop |
| 19:26 | Create | Villager (Male) |
| 19:41 | Research | Elite Skirmisher (upgrade) |
| 19:41 | Research | Elite Skirmisher (upgrade) |
| 19:52 | Research | Bodkin Arrow |
| 20:07 | Research | Padded Archer Armor |
| 20:07 | Research | Padded Archer Armor |
| 20:11 | Create | Skirmisher |
| 20:42 | Create | Mangonel |
| 21:00 | Create | Skirmisher |
| 21:20 | Create | Skirmisher |
| 21:48 | Create | Mangonel |
| 24:50 | Build | Monastery |
| 26:18 | Create | Monk |
Match timeline
| 5:10 | TAG_Sora Kuma · first_building Barracks |
| 8:00 | VIT Liereyy · first_building Barracks |
| 8:48 | TAG_Sora Kuma · wall_segment Palisade Wall x3 |
| 8:50 | TAG_Sora Kuma · wall_segment Palisade Wall x2 |
| 8:51 | TAG_Sora Kuma · wall_segment Palisade Wall x2 |
| 8:52 | TAG_Sora Kuma · wall_segment Palisade Wall x1 |
| 9:15 | TAG_Sora Kuma · age_up feudal |
| 9:25 | VIT Liereyy · wall_segment Palisade Wall x1 |
| 9:35 | VIT Liereyy · wall_segment Palisade Wall x1 |
| 9:37 | VIT Liereyy · wall_segment Palisade Wall x1 |
| 10:05 | VIT Liereyy · age_up feudal |
| 10:25 | VIT Liereyy · wall_segment Palisade Wall x1 |
| 10:25 | VIT Liereyy · wall_segment Palisade Wall x1 |
| 10:27 | VIT Liereyy · first_building Archery Range |
| 10:54 | TAG_Sora Kuma · wall_segment Palisade Wall x8 |
| 11:12 | VIT Liereyy · wall_segment Palisade Wall x1 |
| 11:23 | VIT Liereyy · wall_segment Palisade Wall x7 |
| 12:34 | VIT Liereyy · wall_segment Palisade Wall x1 |
| 12:56 | TAG_Sora Kuma · first_building Archery Range |
| 14:04 | TAG_Sora Kuma · wall_segment Stone Wall x9 |
| 14:05 | VIT Liereyy · wall_segment Palisade Wall x1 |
| 14:09 | TAG_Sora Kuma · wall_segment Stone Wall x3 |
| 14:10 | TAG_Sora Kuma · wall_segment Stone Wall x3 |
| 14:16 | VIT Liereyy · age_up castle |
| 14:23 | TAG_Sora Kuma · wall_segment Stone Wall x11 |
| 14:31 | VIT Liereyy · first_building Siege Workshop |
| 14:38 | TAG_Sora Kuma · wall_segment Stone Wall x1 |
| 14:47 | TAG_Sora Kuma · wall_segment Stone Wall x11 |
| 15:12 | TAG_Sora Kuma · first_market_buy 100 food |
| 17:04 | TAG_Sora Kuma · wall_segment Stone Wall x2 |
| 17:23 | TAG_Sora Kuma · wall_segment Stone Wall x2 |
| 17:29 | TAG_Sora Kuma · wall_segment Stone Wall x2 |
| 17:46 | TAG_Sora Kuma · wall_segment Stone Wall x1 |
| 19:08 | TAG_Sora Kuma · age_up castle |
| 19:24 | TAG_Sora Kuma · first_building Siege Workshop |
| 23:16 | VIT Liereyy · first_market_sell 100 wood |
| 23:33 | TAG_Sora Kuma · first_market_sell 100 stone |
| 24:50 | TAG_Sora Kuma · first_building Monastery |
| 27:04 | TAG_Sora Kuma · resign |
[ AI ANALYSIS · 1 CREDIT ]
What really happened in this match?
Wolo.gg analyzes every decision: build order, eco, micro, common mistakes by bracket. Personalized analysis on WhatsApp or Discord in 30 seconds.
Civ guide
Jurchens
Perfil
Liereyy